 Dungeon Crawl Stone Soup version 0.30.1-1-g62c8e00024 (webtiles) character file.

Game seed: 16898811999875882827

182 Gorgoleon the Shooter (level 5, 0/39 HPs)
             Began as a Human Hunter on July 16, 2023.
             Slain by a black bear (7 damage)
             ... on level 3 of the Dungeon.
             The game lasted 00:07:04 (2644 turns).

Gorgoleon the Shooter (Human Hunter)                Turns: 2644, Time: 00:07:05

Health: 0/39       AC:  3    Str: 11 (12) XL:     5   Next: 93%
Magic:  5/5        EV: 12    Int:  7 (9)  God:
Gold:   110        SH:  0    Dex: 17 (18) Spells: 4/4 levels left

rFire   + + .        a - +0 shortbow
rCold   + + .        (shield currently unavailable)
rNeg    . . .        c - +0 leather armour
rPois   +            (no helmet)
rElec   +            v - scarf {rC+ rF+}
rCorr   +            (no gloves)
SInv    .            (no boots)
Will    .....        (no amulet)
Stlth   ++           (no ring)
HPRegen 0.26/turn    (no ring)
MPRegen 0.09/turn

%: no passive effects
@: brilliant, resistant, attractive, flying
A: no striking features
a: no special abilities


You were on level 3 of the Dungeon.
You visited 1 branch of the dungeon, and saw 4 of its levels.

You collected 110 gold pieces.

Inventory:

Hand Weapons
 a - a +0 shortbow (weapon)
 e - a +0 trident
 s - the +10 dagger "Concordance" {elec, Str+2}
   (You took it off an orc on level 3 of the Dungeon)

   Str:       It affects your strength (+2).
 u - a +0 long sword
Armour
 c - a +0 leather armour (worn)
 v - a scarf of resistance (worn)
Jewellery
 j - a +6 ring of strength
Wands
 w - a wand of flame (12)
Scrolls
 g - a scroll of summoning {unknown}
 h - 4 scrolls of identify {unknown}
 i - a scroll of brand weapon {unknown}
 m - a scroll of enchant armour {unknown}
 p - a scroll of noise {unknown}
 r - a scroll of amnesia {unknown}
 t - a scroll of fear {unknown}
 x - a scroll of magic mapping {unknown}
Potions
 d - 2 potions of attraction
 k - a potion of curing
 q - a potion of magic


   Skills:
 * Level 2.3 Fighting
 + Level 6.2 Ranged Weapons
 * Level 1.2 Armour
 * Level 2.1 Dodging
 - Level 1.0 Stealth


You had 4 spell levels left.
You didn't know any spells.
Your spell library contained the following spells:

 Spells                   Type           Power      Damage    Failure   Level
 Kiss of Death            Conj/Necr      0%         2d5       52%         1
 Confusing Touch          Hex            0%         N/A       88%         3
 Frozen Ramparts          Ice            0%         1d1       88%         3
 Dispel Undead            Necr           0%         3d6       99%         4
 Ice Form                 Ice/Tmut       0%         N/A       99%         4
 Summon Ice Beast         Ice/Summ       0%         N/A       99%         4


Dungeon Overview and Level Annotations

Branches:
Dungeon (4/15)
 Temple: D:4-7

Altars:


Message History

The black bear closely misses you. The black bear claws you.
* * * LOW HITPOINT WARNING * * *
The black bear claws you.
* * * LOW HITPOINT WARNING * * *
It was a potion of brilliance.
You feel clever all of a sudden. The black bear closely misses you.
The black bear completely misses you. The black bear barely misses you.
It was a potion of curing.
You feel better. The black bear closely misses you. The black bear claws you.
The black bear claws you but does no damage.
It was a potion of flight.
You feel very buoyant.
You fly up into the air.
The black bear bites you. The black bear barely misses you.
The black bear closely misses you.
It was a potion of degeneration.
There was something very wrong with that liquid.
You feel weakened.
You feel dopey.
You feel clumsy.
The black bear bites you but does no damage.
The black bear closely misses you. x2
It was a potion of resistance.
You feel protected. The black bear closely misses you.
The black bear misses you. The black bear claws you.
It was a potion of magic.
Magic courses through your body.
The black bear barely misses you. x2; The black bear claws you.
* * * LOW HITPOINT WARNING * * *
Fire: a) +0 shortbow
Press: ? - help, Q - select action, (/) - cycle Shift-Dir - straight line, f/p - black bear
Aim: a black bear (moderately wounded, 71% to hit)
You shoot an arrow. The arrow hits the black bear.
The black bear is moderately wounded.
The black bear bites you.
* * * LOW HITPOINT WARNING * * *
The black bear closely misses you. The black bear barely misses you.
Really read the scroll of immolation?
As you read the scroll of immolation, it crumbles to dust.
The creatures around you are filled with an inner flame!
The black bear bites you!
You die...

#.###.####......###.##....#.#....
..#.....##..........####.##.##.#.
###.###.###.....##### #...###..##
....# #..###...## ##.#..#.....
###.###..# ##.########.......###.
#......####.##.............# #.
###.#.....(...O.>.##...###.###.
#.........##h######)## #.....
############@# #.# ###.#( #.# #.#
#... #.# #.# ##... #########
#.######.#####.... .......<#
#................. #######.#
##.#####.#...#.... #.#
##.#####...#.#.##. # #.#
#............#.##. ## #.#
#..########..#.##.


You could see a black bear (inner flame) and an ogre (inner flame).

Vanquished Creatures
  Jessica (D:2)
  6 adders
  4 dart slugs
  8 orcs (D:3)
  7 endoplasms
  4 giant cockroaches
  5 hobgoblins
  2 jackals
  3 quokkas (D:1)
  9 ball pythons
  7 bats
  9 frilled lizards
  6 goblins
  10 kobolds
  6 rats
87 creatures vanquished.

Notes
Turn   | Place    | Note
-------+----------+-------------------------------------------
     0 | D:1      | Gorgoleon the Human Hunter began the quest for the Orb.
     0 | D:1      | Reached XP level 1. HP: 16/16 MP: 1/1
   111 | D:1      | Reached XP level 2. HP: 22/22 MP: 2/2
   332 | D:1      | Reached XP level 3. HP: 27/27 MP: 3/3
   338 | D:1      | You fall into a shaft and drop 1 floor!
   401 | D:1      | Reached skill level 5 in Ranged Weapons
   779 | D:2      | Reached XP level 4. HP: 17/33 MP: 4/4
   880 | D:2      | Noticed Jessica
   888 | D:2      | Killed Jessica
  1580 | D:3      | Reached skill level 6 in Ranged Weapons
  1580 | D:3      | Reached XP level 5. HP: 24/38 MP: 5/5
  1745 | D:3      | Found a faded altar of an unknown god.
  1992 | D:3      | Identified the +10 dagger "Concordance" {elec, Str+2}
  1997 | D:3      | Reached skill level 1 in Armour
  2623 | D:4      | Noticed an ogre
  2623 | D:4      | Noticed a black bear
  2644 | D:3      | Slain by a black bear

Illustrated notes

Levels and vault maps discovered:
D:1:      nicolae_arrival_somewhat_less_tricky_arrival, layout_loops_cross
D:2:      layout_basic, uniq_jessica
D:3:      corexii_shack_village, layout_loops_ring,
          nicolae_ecumenical_snake_handling, minmay_fractal_squares_gapless_5
D:4:      layout_gridville, minmay_temple_entry_waves, uniq_robin,
          uniq_eustachio

Skill      XL: |  1  2  3  4  5 |
---------------+----------------+-----
Ranged Weapons | 5 6 |  6.2
Armour         | 1 |  1.2
Fighting       | |  2.3
Dodging        | |  2.1
Stealth        | |  1.0

Action                     |  1- 3 |  4- 6 || total
---------------------------+-------+-------++-------
   Fire: Shortbow          |   110 |   137 ||   247
    Use: Potion            |       |     7 ||     7
         Scroll            |       |     1 ||     1
 Armour: Leather armour    |    14 |    18 ||    32
  Dodge: Dodged            |    20 |    64 ||    84
